 Dungeon Crawl Stone Soup version 0.27.1-34-g3ba077fa99 (webtiles) character file.

Game seed: 6930543166444892726

149 Delamore the Covert (level 5, -4/34 HPs)
             Began as an Octopode Brigand on Feb 12, 2022.
             Slain by an ice beast (13 damage)
             ... on level 3 of the Dungeon.
             The game lasted 00:02:09 (2926 turns).

Delamore the Covert (Octopode Brigand)              Turns: 2926, Time: 00:02:10

Health: -4/34      AC:  1    Str: 11    XL:     5   Next: 31%
Magic:  5/5        EV: 13    Int: 13    God:
Gold:   159        SH:  0    Dex: 20    Spells: 4/4 levels left

rFire    . . .     SeeInvis .   m - +1 short sword (speed)
rCold    . . .     Faith    .   (no shield)
rNeg     . . .     Spirit   .   (helmet restricted)
rPois    .         Reflect  .   (no amulet)
rElec    .         Harm     .   l - +6 ring of dexterity
rCorr    .         Rampage  .   (no ring)
Will     .....                  (no ring)
Stlth    +++++.....             (no ring)
HPRegen  0.11/turn              (no ring)
MPRegen  0.09/turn              (no ring)
                                (no ring)
                                (no ring)

@: no status effects
A: almost no armour, amphibious, 8 rings, camouflage 1, gelatinous body 1,
(nimble swimmer 1), tentacles
a: no special abilities


You were on level 3 of the Dungeon.
You visited 1 branch of the dungeon, and saw 3 of its levels.

You collected 159 gold pieces.

Inventory:

Hand Weapons
 a - a +2 dagger
 m - a +1 short sword of speed (weapon)
Missiles
 b - 15 poisoned darts (quivered)
 c - 2 curare-tipped darts
 j - 2 silver javelins
Jewellery
 l - a +6 ring of dexterity (left tentacle)
Scrolls
 d - a scroll of fear {unknown}
 e - a scroll of noise
 f - a scroll of magic mapping
 g - a scroll of amnesia {unknown}
 h - 2 scrolls of fog {unknown}
 i - a scroll of enchant armour {unknown}
 k - a scroll of teleportation {unknown}


   Skills:
 - Level 2.0 Fighting
 + Level 3.4 Short Blades
 - Level 2.0 Throwing
 - Level 1.0 Dodging
 * Level 8.0 Stealth


You had 4 spell levels left.
You didn't know any spells.
Your spell library contained the following spells:

 Spells                   Type           Power      Damage    Failure   Level
 Summon Small Mammal      Summ           0%         N/A       30%         1
 Call Canine Familiar     Summ           0%         N/A       67%         3
 Summon Guardian Golem    Hex/Summ       0%         N/A       67%         3


Dungeon Overview and Level Annotations

Branches:
Dungeon (3/15)

Altars:


Innate Abilities, Weirdness & Mutations

You cannot wear most types of armour.
You are amphibious.
You can wear up to eight rings at the same time.
Your skin changes colour to match your surroundings (Stealth+).
Your rubbery body absorbs attacks. (AC +1, EV +1)
((You are camouflaged near water. (Stealth+)))
You have tentacles for arms and can constrict up to eight enemies at once.


Message History

A bat is nearby!
Found a stone staircase leading down.
The bat hits you but does no damage. x2
You closely miss the bat. You grab the bat. You squeeze the bat.
You kill the bat!
No target in view!
No target in view!
No target in view!
No target in view!
No target in view!
No target in view!
No target in view!
No target in view!
No target in view!
No target in view!
No target in view!
There is a stone staircase leading down here.
An ice beast comes into view.
An ice beast is nearby!
An ice beast is nearby!
The ice beast hits you. The ice beast freezes you!
You hit the ice beast. Your squeeze misses the ice beast.
The ice beast is lightly wounded.
The ice beast hits you. The ice beast freezes you!
You are too injured to fight recklessly!
You are too injured to fight recklessly!
You are too injured to fight recklessly!
You are too injured to fight recklessly!
You are too injured to fight recklessly!
You are too injured to fight recklessly!
You are too injured to fight recklessly!
You are too injured to fight recklessly!
You are too injured to fight recklessly!
You are too injured to fight recklessly!
You are too injured to fight recklessly!
You barely miss the ice beast.
The ice beast is lightly wounded.
The ice beast hits you.
* * * LOW HITPOINT WARNING * * *
The ice beast freezes you!
You die...

#....#.#########...
#..#.#.............
...#.........######
##############.#########.######
...............................
######.######.#########.######
#..# #.# ##'###### ##.## #.#
#.......# #..# #@# #.....(.#
##.## #Y# #.).....# #..# #.#
##'###### ##.# #.# #.# #.###.#
#.# #..##.# #.# ##.##.# #.#
#..#.# #.# ##.#.# #.#


You could see an ice beast.

Vanquished Creatures
  A phantom (D:2)
  An adder (D:2)
  2 worms (D:3)
  A dart slug (D:1)
  An orc (D:3)
  5 bats
  5 endoplasms
  4 giant cockroaches (D:1)
  4 goblins
  4 hobgoblins
  11 jackals
  4 kobolds
  2 quokkas
  4 ball pythons
  2 frilled lizards
  A rat (D:3)
52 creatures vanquished.

Notes
Turn   | Place    | Note
-------+----------+-------------------------------------------
     0 | D:1      | Delamore the Octopode Brigand began the quest for the Orb.
     0 | D:1      | Reached XP level 1. HP: 14/14 MP: 1/1
   240 | D:1      | Reached XP level 2. HP: 19/19 MP: 2/2
   267 | D:1      | Reached skill level 6 in Stealth
   698 | D:1      | Reached XP level 3. HP: 24/24 MP: 3/3
  1744 | D:2      | Reached XP level 4. HP: 20/29 MP: 4/4
  1956 | D:2      | Reached skill level 7 in Stealth
  2038 | D:2      | Found a faded altar of an unknown god.
  2299 | D:3      | Noticed a phantom
  2323 | D:2      | Killed a phantom
  2324 | D:2      | Reached XP level 5. HP: 11/34 MP: 5/5
  2852 | D:3      | Reached skill level 8 in Stealth
  2920 | D:3      | Noticed an ice beast
  2926 | D:3      | Slain by an ice beast

Illustrated notes

Levels and vault maps discovered:
D:1:      saegor_arrival_simple_e, layout_basic, kennysheep_minor_cross,
          roderic_roman_lattice, minmay_hedge_maze, minmay_pentomino_u4
D:2:      layout_basic, shapermc_ecumenical_altar_mp_ritualfount,
          nrook_mini_backslash, serial_park_tiny_2
D:3:      layout_basic

Skill      XL: |  1  2  3  4  5 |
---------------+----------------+-----
Stealth        | 6 7 8 |  8.0
Short Blades   | 3 |  3.4
Fighting       | |  2.0
Throwing       | |  2.0
Dodging        | |  1.0

Action                   |  1- 3 |  4- 6 || total
-------------------------+-------+-------++-------
Melee: Dagger            |    79 |    33 ||   112
       Constrict         |    17 |     4 ||    21
       Tentacles         |    12 |     4 ||    16
       Short sword       |       |     5 ||     5
  Use: Scroll            |     2 |       ||     2
       Potion            |       |     2 ||     2
 Stab: Sleeping          |    14 |     6 ||    20
Armor: Skin              |    15 |     4 ||    19
Dodge: Dodged            |    41 |    13 ||    54
